 Dungeon Crawl Stone Soup version 0.30.1-11-g7821555f0a (webtiles) character file.

Game seed: 9698195349299394754

1342 Epilektoi the Cleaver (level 8, -2/70 HPs)
             Began as a Hill Orc Fighter on Dec 5, 2023.
             Slain by a gnoll
             ... wielding a +0 spear
             ... led by a gnoll bouda
              (3 damage)
             ... on level 7 of the Dungeon.
             The game lasted 00:22:15 (5017 turns).

Epilektoi the Cleaver (Hill Orc Fighter)            Turns: 5017, Time: 00:22:16

Health: -2/70      AC: 10    Str: 21    XL:     8   Next: 62%
Magic:  8/8        EV: 11    Int:  8    God:
Gold:   106        SH:  4    Dex: 10    Spells: 1/7 levels left

rFire   + + .        a - +1 war axe
rCold   . . .        c - +0 buckler
rNeg    . . .        m - +3 ring mail {rF+}
rPois   .            q - +0 helmet
rElec   .            l - scarf {+Inv}
rCorr   .            (no gloves)
SInv    .            (no boots)
Will    .....        (no amulet)
Stlth   +            h - ring of protection from fire
HPRegen 0.31/turn    (no ring)
MPRegen 0.11/turn

%: no passive effects
@: no status effects
A: no striking features
a: Evoke Invisibility


You were on level 7 of the Dungeon.
You visited 2 branches of the dungeon, and saw 8 of its levels.

You collected 256 gold pieces.
You spent 150 gold pieces at shops.

Inventory:

Hand Weapons
 a - a +1 war axe (weapon)
Armour
 b - a +0 scale mail
 c - a +0 buckler (worn)
 l - a scarf of invisibility (worn)
 m - a +3 ring mail of fire resistance (worn)
 q - a +0 helmet (worn)
Magical Staves
 p - a staff of air
Jewellery
 h - a ring of protection from fire (left hand)
Wands
 f - a wand of iceblast (16) (quivered)
Scrolls
 e - 7 scrolls of identify
 g - 3 scrolls of noise
 o - a scroll of acquirement {unknown}
Potions
 d - 3 potions of might
 j - 2 potions of ambrosia {unknown}
 k - 2 potions of flight {unknown}
 n - a potion of cancellation {unknown}
 r - 2 potions of curing
 s - 3 potions of lignification {unknown}


   Skills:
 + Level 5.9 Fighting
 + Level 9.5 Axes
 + Level 5.8 Armour
 + Level 2.4 Dodging
 + Level 0.6 Stealth
 + Level 4.5 Shields


You had one spell level left.
You knew the following spells:

 Your Spells              Type           Power      Damage    Failure   Level
a - Lee's Rapid Deconstr  Erth           0%         3d4*      100%        5
b - Beastly Appendage     Tmut           0%         N/A       63%         1

Your spell library contained the following spells:

 Spells                   Type           Power      Damage    Failure   Level
 Lesser Beckoning         Tloc           0%         N/A       77%         2
 Wereblood                Tmut           0%         N/A       77%         2
 Gell's Gravitas          Tloc           0%         N/A       94%         3
 Spider Form              Tmut/Pois      0%         N/A       94%         3
 Teleport Other           Tloc           0%         N/A       94%         3
 Leda's Liquefaction      Hex/Erth       0%         N/A       100%        4
 Olgreb's Toxic Radiance  Pois           0%         N/A       100%        4
 Statue Form              Tmut/Erth      0%         N/A       100%        6
 Discord                  Hex            0%         N/A       100%        8
 Ignition                 Fire           0%         3d3       100%        8


Dungeon Overview and Level Annotations

Branches:
Dungeon (7/15)             Temple (1/1) D:5

Altars:
Cheibriados
Dithmenos
Elyvilon
Fedhas
Gozag
Kikubaaqudgha
Nemelex Xobeh
Okawaru
Qazlal
Ru
Sif Muna
Trog
Uskayaw
Vehumet
Xom
Zin
The Shining One

Shops:
D:3 :*   D:5 =

Annotations:
D:4 Robin
D:5 Edmund


Message History

The gnoll closely misses you. The gnoll hits you but does no damage.
The gnoll hits you with a +0 spear.
You hit the gnoll.
The gnoll is severely wounded.
You hit the gnoll but do no damage. x2; You hit the ogre.
Your attacks no longer feel as feeble.
The gnoll closely misses you. The gnoll hits you with a +0 club.
The gnoll closely misses you. The gnoll hits you with a +0 spear.
The ogre hits you with a +0 giant club! The gnoll closely misses you.
The gnoll attacks as you move away! The gnoll hits you but does no damage.
The gnoll bouda gazes fiercely through you!
You feel your attacks grow feeble. The gnoll attacks as you move away!
The gnoll hits you with a +0 whip. The gnoll misses you.
There is a stone staircase leading up here.
You block the gnoll's attack. The gnoll barely misses you.
The gnoll hits you but does no damage. The gnoll attacks as you move away!
The gnoll hits you with a +0 whip. The gnoll misses you.
The gnoll closely misses you. x2
Your attacks no longer feel as feeble.
The gnoll is no longer moving quickly.
The ogre hits you with a +0 giant club!
* * * LOW HITPOINT WARNING * * *
The gnoll bouda gazes fiercely through you!
You feel your attacks grow feeble. The ogre attacks as you move away!
The ogre hits you with a +0 giant club!
* * * LOW HITPOINT WARNING * * *
The gnoll closely misses you.
The gnoll bouda calls upon its god to heal the gnoll.
The gnoll is healed somewhat.
The gnoll is no longer moving quickly.
The gnoll hits you from afar with a +0 spear.
* * * LOW HITPOINT WARNING * * *
The gnoll closely misses you. You block the gnoll's attack.
The gnoll misses you.
The air fills with toxic fumes!
As you read the scroll of poison, it crumbles to dust.
Your attacks no longer feel as feeble.
The gnoll hits you from afar with a +0 spear.
You die...

#§ #§# #§# ##§§§#
#.# §#§§§ #..
##§§§ ###..####
#§§# ........###@#
....§§§§§ggg##
#..§§§§#ggO§###..
#..§§..#g§§§§.....
#.....§§§§#§§...#
#....§§§§###§§###
#...§§#§§# §##
#..§§##§§... #
#..... #.......


You could see an ogre, a gnoll bouda and 5 gnolls.

Vanquished Creatures
  Sigmund (D:3)
  An ice beast (D:5)
  A sky beast (D:5)
  2 black bears
  2 ogres
  A scorpion (D:5)
  The ghost of Jingleheimer the Insei, a weakling OpTm (D:3)
  2 hounds
  A jelly (D:5)
  A sleepcap (D:5)
  Natasha (D:2)
  3 iguanas
  2 orc wizards
  9 gnolls
  11 adders
  3 worms (D:2)
  A dart slug (D:2)
  17 orcs
  6 ball pythons
  5 endoplasms
  A giant cockroach (D:1)
  11 goblins
  5 hobgoblins
  4 quokkas
  5 bats
  4 frilled lizards
  7 kobolds
  3 rats
111 creatures vanquished.

Vanquished Creatures (others)
  A kobold (D:3)
1 creature vanquished.

Grand Total: 112 creatures vanquished

Notes
Turn   | Place    | Note
-------+----------+-------------------------------------------
     0 | D:1      | Epilektoi the Hill Orc Fighter began the quest for the Orb.
     0 | D:1      | Reached XP level 1. HP: 19/19 MP: 1/1
   238 | D:1      | Reached XP level 2. HP: 27/27 MP: 2/2
   647 | D:2      | Found a faded altar of an unknown god.
   672 | D:2      | Reached skill level 3 in Axes
   723 | D:2      | Reached XP level 3. HP: 25/33 MP: 3/3
   918 | D:2      | Reached XP level 4. HP: 40/40 MP: 4/4
  1242 | D:2      | Reached skill level 4 in Axes
  1249 | D:2      | Noticed Natasha
  1261 | D:2      | Killed Natasha
  1452 | D:3      | Reached XP level 5. HP: 17/46 MP: 5/5
  1515 | D:3      | Noticed Sigmund
  1518 | D:3      | Found Ukiyta Abor's Book Emporium.
  1527 | D:3      | Killed Sigmund
  1528 | D:3      | Reached skill level 5 in Axes
  1528 | D:3      | Reached skill level 1 in Dodging
  1528 | D:3      | Reached XP level 6. HP: 32/53 MP: 6/6
  1727 | D:3      | Reached skill level 6 in Axes
  1932 | D:3      | Found a runed translucent door.
  1934 | D:3      | Noticed Jingleheimer's ghost (weakling OpTm)
  1944 | D:3      | Killed Jingleheimer's ghost
  1945 | D:3      | Reached skill level 5 in Armour
  2100 | D:3      | Found Oluatutt's General Store.
  2108 | D:3      | Bought a wand of iceblast (4) for 124 gold pieces
  2108 | D:3      | Bought a scroll of identify for 26 gold pieces
  2337 | D:3      | Learned a level 5 spell: Lee's Rapid Deconstruction
  2568 | D:4      | Found a glowing golden altar of the Shining One.
  2568 | D:4      | Found a bloodstained altar of Trog.
  2644 | D:4      | HP: 1/53 [ogre/+0 giant club (6)]
  2647 | D:4      | Reached XP level 7. HP: 2/60 MP: 7/7
  2723 | D:4      | Reached skill level 7 in Axes
  3003 | D:4      | Noticed Robin
  3065 | D:5      | Entered Level 5 of the Dungeon
  3097 | D:5      | Reached skill level 5 in Fighting
  3214 | D:5      | Reached skill level 8 in Axes
  3214 | D:5      | Reached XP level 8. HP: 62/69 MP: 8/8
  3269 | D:5      | Found a staircase to the Ecumenical Temple.
  3302 | Temple   | Entered the Ecumenical Temple
  3531 | D:5      | Found a shadowy altar of Dithmenos.
  3554 | D:5      | Learned a level 1 spell: Beastly Appendage
  3591 | D:5      | Found a stormy altar of Qazlal.
  3592 | D:5      | Found a snail-covered altar of Cheibriados.
  3592 | D:5      | Found a blossoming altar of Fedhas.
  3594 | D:5      | Found an iron altar of Okawaru.
  3605 | D:5      | Found a shimmering altar of Xom.
  3811 | D:5      | Reached skill level 9 in Axes
  3847 | D:5      | Found Lulysuf's Jewellery Shoppe.
  4153 | D:5      | Noticed Edmund
  5016 | D:7      | HP: 1/70 [gnoll/+0 spear[a gnoll bouda] (6)]
  5017 | D:7      | Slain by a gnoll

Illustrated notes

Levels and vault maps discovered:
D:1:      matt_arrival_refuge, layout_basic
D:2:      layout_basic, hellmonk_ecumenical_altar_pennies_from_heaven,
          uniq_natasha
D:3:      layout_loops_ring, serial_shops, shop, shop, gammafunk_ghost_grave,
          grunt_ministairs_1, grunt_decor_resistance, uniq_sigmund
D:4:      layout_loops_ring, gammafunk_temple_overflow_elements, uniq_robin
D:5:      layout_loops_ring, grunt_temple_overflow_open,
          mainiacjoe_overflow_six_doors_small, minmay_temple_entry_stoned_glass,
          serial_shops, shop, uniq_edmund
D:6:      layout_rooms
D:7:      layout_layer_cave, mainiacjoe_overflow_alcove_2, enter_bailey_5
Temple:   hellmonk_temple_beads

Skill      XL: |  1  2  3  4  5  6  7  8 |
---------------+-------------------------+-----
Axes           | 3 4 5 6 8 9 |  9.5
Armour         | 4 5 |  5.8
Fighting       | 4 5 |  5.9
Dodging        | 1 2 |  2.4
Shields        | 4 |  4.5
Stealth        | |  0.6

Action                     |  1- 3 |  4- 6 |  7- 9 || total
---------------------------+-------+-------+-------++-------
  Melee: War axe           |    66 |   108 |   181 ||   355
    Use: Scroll            |       |     9 |     4 ||    13
         Potion            |       |     1 |       ||     1
 Armour: Scale mail        |    65 |       |       ||    65
         Ring mail         |       |    81 |   106 ||   187
  Dodge: Dodged            |    59 |    79 |   130 ||   268
  Block: Buckler           |    28 |    29 |    48 ||   105
